[Event "*** Titled Tuesday Blitz"]
[Site "Chess.com"]
[Date "2020.11.03"]
[Round "11"]
[White "Brave_spirit12"]
[Black "Nuvas"]
[Result "1-0"]
[WhiteElo "2499"]
[BlackElo "2321"]
[TimeControl "180+1"]
[EndTime "12:06:44 PST"]
[Termination "Brave_spirit12 won by resignation"]

1. e4 c5 2. c3 Nf6 3. e5 Nd5 4.
d4 cxd4 5. Qxd4 e6 6. Nf3 Nc6 7. Qe4 f5 8. exf6 Nxf6 9. Qh4 Be7 10. Bd3 O-O 11. Bg5 g6 12. Nbd2 d5 13. O-O-O e5 14. Rhe1 e4 15. Nxe4 Nxe4 16. Bxe4 Rxf3 17.
Bxd5+ 1-0

[Event "*** Titled Tuesday Blitz"]
[Site "Chess.com"]
[Date "2020.11.03"]
[Round "11"]
[White "Forantes"]
[Black "Roza_Idrisova"]
[Result "1-0"]
[WhiteElo "2362"]
[BlackElo "2186"]
[TimeControl "180+1"]
[EndTime "12:07:03 PST"]
[Termination "Forantes won by resignation"]

1. f4 d5 2. b3 Bf5 3. Bb2 e6 4. Nf3 Nf6 5. e3 h6 6. Bd3 Bd6 7. O-O O-O 8. Qe1 c5 9. Na3 a6 10. Bxf5 exf5 11. Nh4 g6 12. c4 Nc6 13. cxd5 Nxd5 14. Nc4 Be7 15. Nxf5 gxf5 16. Qg3+ Bg5 17. h4 f6 18. hxg5 fxg5 19. fxg5 Qxg5 20. Qd6 Rad8 21.
Qe6+ Kh7 22. Nd6 Rg8 23. Qf7+ Rg7 24. Bxg7 Qxg7 25. Qxf5+ Qg6 26. Qxd5 Rxd6 27. Rf7+ Kh8 28. Rf8+ Kh7 29. Qf7+ Qxf7 30. Rxf7+ Kg6 31. Rxb7 Rxd2 32. Rb6 Rd6 33. Rc1 Rf6 34. Rxc5 Ne7 35. Rxf6+ Kxf6 36. Ra5 1-0

[Event "*** Titled Tuesday Blitz"]
[Site "Chess.com"]
[Date "2020.11.03"]
[Round "11"]
[White "GMaka"]
[Black "BlackBoarder"]
[Result "0-1"]
[WhiteElo "2409"]
[BlackElo "2539"]
[TimeControl "180+1"]
[EndTime "12:07:04 PST"]
[Termination "BlackBoarder won by resignation"]

1. d4 e6 2. e4 d5 3. exd5 exd5 4. Bd3 c5 5. dxc5 Bxc5 6. Ne2 Nf6 7. O-O O-O 8. Nd2 Nc6 9. Nb3 Bb6 10. c3 Re8 11.
Bg5 h6 12. Bh4 g5 13. Bg3 Ne4 14. Ned4 f5 15. f3 Nxg3 16. hxg3 Qf6 17. Bb5 Bd7 18. Qd2 Nxd4 0-1

[Event "*** Titled Tuesday Blitz"]
[Site "Chess.com"]
[Date "2020.11.03"]
[Round "11"]
[White "Skat2704"]
[Black "CaspiIsrael"]
[Result "0-1"]
[WhiteElo "2442"]
[BlackElo "2608"]
[TimeControl "180+1"]
[EndTime "12:07:10 PST"]
[Termination "CaspiIsrael won by resignation"]

1. d4 Nf6 2. c4 e6 3. Nf3 d5 4. Nc3 dxc4 5. Bg5 a6 6. e4 b5 7. e5 h6 8. Bh4 g5 9. Nxg5 hxg5 10.
Bxg5 Nbd7 11. g3 Bb7 12. f3 Bh6 13. Bxh6 Rxh6 14. exf6 Qxf6 15. Bg2 O-O-O 16. O-O Rdh8 17. Ne4 Bxe4 18. fxe4 Qg5 19. Qf3 Rxh2 20. e5 Nb6 21. Rae1 Nd5 22. Qxf7 Qxg3 23. Qxe6+ Kb8 24. Rf8+ Rxf8 25.
Qxd5 Rxg2+ 0-1

[Event "*** Titled Tuesday Blitz"]
[Site "Chess.com"]
[Date "2020.11.03"]
[Round "11"]
[White "GMG"]
[Black "boasovietica"]
[Result "1-0"]
[WhiteElo "2718"]
[BlackElo "2561"]
[TimeControl "180+1"]
[EndTime "12:07:19 PST"]
[Termination "GMG won by resignation"]

1. Nf3 c5 2. c4 Nc6 3. Nc3 e5 4. e3 Nf6 5. d4 cxd4 6. exd4 e4 7. Ne5 Qa5 8. Bf4 Bb4 9. Qd2 O-O 10.
Be2 d6 11. Nxc6 bxc6 12. O-O Ba6 13. Rfc1 d5 14. Bg5 Nd7 15. a3 Bxc3 16. Rxc3 Nb6 17. b4 Qa4 18. Bd1 Nxc4 19. Bxa4 Nxd2 20. Bxd2 1-0

[Event "*** Titled Tuesday Blitz"]
[Site "Chess.com"]
[Date "2020.11.03"]
[Round "11"]
[White "Ural_bogatyr"]
[Black "monalize"]
[Result "0-1"]
[WhiteElo "2370"]
[BlackElo "2296"]
[TimeControl "180+1"]
[EndTime "12:07:21 PST"]
[Termination "monalize won by resignation"]

1. e4 c5 2. Nf3 d6 3. d4 cxd4 4. Qxd4 a6 5. Be3 e5 6. Qd2 Nf6 7. Nc3 b5 8. O-O-O Qc7 9. Nd5 Nxd5 10. exd5 Be7 11. Bd3 O-O 12. Bg5 f6 13. Bh4 Nd7 14. g4 Nc5 15. g5 f5 16. g6 e4 17. gxh7+ Kh8 18. Bxe7 Qxe7 19. Rde1 Qf6 20. Ng5 exd3 21. f3 dxc2 22. Kxc2 f4 23. Ne4 Bf5 24. Kb1 Bxe4+ 25.
fxe4 Rae8 0-1

[Event "*** Titled Tuesday Blitz"]
[Site "Chess.com"]
[Date "2020.11.03"]
[Round "11"]
[White "ssrija97"]
[Black "AlexSuv"]
[Result "0-1"]
[WhiteElo "2311"]
[BlackElo "2552"]
[TimeControl "180+1"]
[EndTime "12:07:23 PST"]
[Termination "AlexSuv won by resignation"]

1. e4 c5 2. Nf3 e6 3. d4 cxd4 4. Nxd4 Nc6 5. Be3 Qc7 6. Nc3 a6 7. Qd2 Nf6 8. f3 Ne5 9. O-O-O Bb4 10. Nb3 b5 11. Qd4 Nc6 12. Qb6 Qxb6 13. Bxb6 O-O 14. Ne2 d5 15. Ned4 Nxd4 16. Nxd4 Bb7 17. c3 Be7 18. exd5 Nxd5 19. Ba5 Rac8 20. Kb1 Rfd8 21.
Bd3 Rd7 22. Be4 Ne3 23. Bxb7 Rxb7 24. Rd2 Nc4 25. Rd3 Nxa5 26. b3 Nc6 27. Nxc6 Rxc6 28.
Rhd1 g5 29. Kc2 Rbc7 0-1

[Event "*** Titled Tuesday Blitz"]
[Site "Chess.com"]
[Date "2020.11.03"]
[Round "11"]
[White "AndrewMaco"]
[Black "aleksey1203borisovi4"]
[Result "0-1"]
[WhiteElo "2670"]
[BlackElo "2513"]
[TimeControl "180+1"]
[EndTime "12:07:26 PST"]
[Termination "aleksey1203borisovi4 won on time"]

1. e4 g6 2. d4 Bg7 3. c3 d6 4. Nf3 Nf6 5. Bd3 O-O 6. O-O Nc6 7. h3 Bd7 8. e5 Nd5 9. Re1 dxe5 10. dxe5 Be6 11. Qe2 Qd7 12. Nbd2 Nf4 0-1

[Event "*** Titled Tuesday Blitz"]
[Site "Chess.com"]
[Date "2020.11.03"]
[Round "11"]
[White "CM_rui"]
[Black "Kaslask"]
[Result "0-1"]
[WhiteElo "2386"]
[BlackElo "2320"]
[TimeControl "180+1"]
[EndTime "12:07:28 PST"]
[Termination "Kaslask won by checkmate"]

1. e4 c5 2. Nf3 Nc6 3. c4 g6 4.
d4 cxd4 5. Nxd4 Nf6 6. Nc3 Nxd4 7. Qxd4 d6 8. Be2 Bg7 9. Be3 O-O 10. Qd2 Qa5 11.
O-O Be6 12. f3 Rfc8 13. b3 a6 14. Rac1 b5 15. cxb5 axb5 16. Nxb5 Qxd2 17. Bxd2 Rxa2 18. Rxc8+ Bxc8 19. Rd1 Be6 20. b4 Bb3 21. Rb1 Rxd2 22. Bf1 Bc2 23. Ra1 Nd7 24. Ra7 Rd1 25. Rxd7 Bd3 26. Rd8+ Bf8 27. Nc3 Rxf1# 0-1

[Event "*** Titled Tuesday Blitz"]
[Site "Chess.com"]
[Date "2020.11.03"]
[Round "11"]
[White "UmarovSabir"]
[Black "Manukyan_Artak"]
[Result "1-0"]
[WhiteElo "2320"]
[BlackElo "2401"]
[TimeControl "180+1"]
[EndTime "12:07:32 PST"]
[Termination "UmarovSabir won by checkmate"]

1. e4 c5 2. a3 Nc6 3. b4 cxb4 4. axb4 Nxb4 5. c3 Nc6 6. d4 d5 7. exd5 Qxd5 8. Na3 e6 9. Nb5 Qd8 10. Bf4 e5 11. dxe5 Be6 12. Qxd8+ Rxd8 13. Nc7+ Kd7 14.
Nxe6 Kxe6 15. Nf3 h6 16. Bc4+ Kf5 17. Bg3 f6 18. Nh4+ Kg5 19. f4+ Kg4 20. Be2# 1-0

[Event "*** Titled Tuesday Blitz"]
[Site "Chess.com"]
[Date "2020.11.03"]
[Round "11"]
[White "Lion-Al-Messi"]
[Black "kflorian98"]
[Result "0-1"]
[WhiteElo "2556"]
[BlackElo "2747"]
[TimeControl "180+1"]
[EndTime "12:07:41 PST"]
[Termination "kflorian98 won by resignation"]

1. d4 Na6 2. e4 c6 3. e5 d6 4. Nf3 Nc7 5. Bd3 g6 6. O-O Bg7 7. Nc3 Bg4 8. Bf4 Ne6 9. Be3 dxe5 10. dxe5 Bxe5 11. Nxe5 Bxd1 12. Raxd1 Qc7 13. f4 Nf6 14. Bc4 O-O 15. Nd3 b5 16. Bxe6 fxe6 17. Nc5 Qc8 18. b4 a5 19. a3 Nd5 20. Nxd5 exd5 21. Bd4 Rf7 22. Be5 axb4 23. axb4 Ra2 24. Rf2 h6 25. h3 Kh7 26. Re1 Qa8 27. Rfe2 Qa3 28.
Nd3 d4 29. Bxd4 Rxc2 30. Rxe7 Rxe7 31. Rxe7+ Kg8 32. Nc5 Qc1+ 0-1

[Event "*** Titled Tuesday Blitz"]
[Site "Chess.com"]
[Date "2020.11.03"]
[Round "11"]
[White "oogee"]
[Black "yourstrulyme"]
[Result "0-1"]
[WhiteElo "2193"]
[BlackElo "2398"]
[TimeControl "180+1"]
[EndTime "12:07:48 PST"]
[Termination "yourstrulyme won by resignation"]

1. d4 Nf6 2. c4 e6 3. g3 d5 4. Nf3 Be7 5. Bg2 O-O 6. O-O dxc4 7.
Bg5 Nc6 8. e3 a6 9. a4 Na5 10.
Qe2 Bd7 11. Na3 b5 12. Ne5 Nd5 13. Nxd7 Qxd7 14. Bxe7 Qxe7 15. axb5 Nb3 16. Rad1 axb5 17. Nxb5 Qb4 18. Bxd5 exd5 19. Nxc7 Ra5 20. Qh5 Qd6 21. Qe5 Qc6 22. e4 dxe4 23. Qd5 Rxd5 0-1

[Event "*** Titled Tuesday Blitz"]
[Site "Chess.com"]
[Date "2020.11.03"]
[Round "11"]
[White "lucachess49"]
[Black "Akhayan"]
[Result "1-0"]
[WhiteElo "2364"]
[BlackElo "2259"]
[TimeControl "180+1"]
[EndTime "12:07:49 PST"]
[Termination "lucachess49 won by resignation"]

1. d4 d5 2. c4 e6 3. Nc3 Nf6 4. Bg5 Be7 5. cxd5 exd5 6. e3 O-O 7. Bd3 c6 8. Qc2 Nbd7 9. Nf3 Re8 10. O-O h6 11. Bh4 Nf8 12. Ne5 Ng4 13. Bxe7 Qxe7 14. Nxg4 Bxg4 15. Rae1 Qf6 16. f3 Bd7 17. Qf2 Re7 18.
e4 dxe4 19. fxe4 Qxf2+ 20. Rxf2 Rae8 21. Rfe2 Ng6 22. g3 c5 23. Nd5 cxd4 24. Nxe7+ Rxe7 25. e5 Bg4 26. Re4 Bf5 27. Rxd4 Nxe5 28. Rd8+ Kh7 29.
Bxf5+ g6 30. Be4 f5 31. Bg2 Nf3+ 32. Bxf3 Rxe1+ 33. Kf2 Rb1 34. Rd7+ 1-0

[Event "*** Titled Tuesday Blitz"]
[Site "Chess.com"]
[Date "2020.11.03"]
[Round "11"]
[White "AryanTari"]
[Black "Vesper2018"]
[Result "1-0"]
[WhiteElo "2879"]
[BlackElo "2625"]
[TimeControl "180+1"]
[EndTime "12:07:51 PST"]
[Termination "AryanTari won by resignation"]

1. e3 d5 2. Nf3 Nf6 3. c4 e6 4. Nc3 c5 5. cxd5 exd5 6. Bb5+ Bd7 7.
Bxd7+ Nbxd7 8. d4 c4 9. O-O Bd6 10. b3 cxb3 11. Qxb3 Qb6 12. Nxd5 Nxd5 13. Qxd5 O-O 14.
Bd2 Nf6 15. Qb3 Qxb3 16. axb3 Ne4 17. Rfc1 a6 18. Ba5 Rfc8 19. Nd2 Nxd2 20. Bxd2 f5 21. Kf1 Kf7 22. Ke2 Ke6 23. Kd3 g5 24. f3 h5 25. e4 fxe4+ 26. fxe4 Rf8 27. e5 Be7 28. Be3 Rac8 29. Ke4 Bb4 30. d5+ Ke7 31. Bxg5+ 1-0

[Event "*** Titled Tuesday Blitz"]
[Site "Chess.com"]
[Date "2020.11.03"]
[Round "11"]
[White "Nikolakis2014"]
[Black "pastouche06"]
[Result "1-0"]
[WhiteElo "2767"]
[BlackElo "2535"]
[TimeControl "180+1"]
[EndTime "12:07:52 PST"]
[Termination "Nikolakis2014 won by resignation"]

1. Nf3 d5 2. d4 Nf6 3. c4 e6 4. g3 dxc4 5. Bg2 Bd7 6. Ne5 Bc6 7. Nxc6 Nxc6 8. e3 Qd7 9. O-O e5 10. d5 Nb4 11. Nc3 c6 12. e4 cxd5 13. exd5 Be7 14. b3 cxb3 15. Qxb3 Nd3 16. Rd1 Nc5 17.
Qb5 a6 18. Qxd7+ Nfxd7 19. d6 Bd8 20. Nd5 Nf6 21. Ba3 Rc8 22. Rac1 b6 23. Nxf6+ Bxf6 24. d7+ 1-0

[Event "*** Titled Tuesday Blitz"]
[Site "Chess.com"]
[Date "2020.11.03"]
[Round "11"]
[White "chessmadara"]
[Black "sboshaon21"]
[Result "1-0"]
[WhiteElo "2222"]
[BlackElo "2033"]
[TimeControl "180+1"]
[EndTime "12:07:55 PST"]
[Termination "chessmadara won by resignation"]

1. e4 e5 2. Nf3 Nc6 3. d4 exd4 4. Nxd4 Bc5 5. Nb3 Bb6 6. Nc3 d6 7. Qe2 Nf6 8. Bg5 Nd4 9. Nxd4 Bxd4 10. Nd5 Bxb2 11.
Rb1 h6 12. Bh4 g5 13. Rxb2 gxh4 14. Rb3 Be6 15. Rxb7 c6 16. Nc7+ Kf8 17. Nxa8 Qxa8 18. Qa6 Kg7 19. Qxa7 Qd8 20. Bd3 d5 21. exd5 Bxd5 22.
O-O h3 23. g3 Qc8 24. c4 Bg2 25. Rxf7+ 1-0

[Event "*** Titled Tuesday Blitz"]
[Site "Chess.com"]
[Date "2020.11.03"]
[Round "11"]
[White "Nara_Kh"]
[Black "Ausbildung"]
[Result "1-0"]
[WhiteElo "2351"]
[BlackElo "2219"]
[TimeControl "180+1"]
[EndTime "12:07:58 PST"]
[Termination "Nara_Kh won by resignation"]

1. e4 e5 2. Nf3 Nc6 3. Bb5 a6 4. Ba4 Nf6 5. O-O b5 6. Bb3 Be7 7. d3 d6 8. h3 O-O 9. a4 Rb8 10. Nc3 h6 11. Re1 b4 12. Nd5 Na5 13. Ba2 c6 14.
Nxe7+ Qxe7 15. d4 Be6 16. Bb1 b3 17. c3 Bc4 18. Nh4 Kh7 19. Nf5 Qd7 20. Qf3 Ng8 21. dxe5 dxe5 22. Qg3 g6 23. Qxe5 gxf5 24. Qxa5 fxe4 25.
Rxe4 Bd3 26. Rd4 1-0

[Event "*** Titled Tuesday Blitz"]
[Site "Chess.com"]
[Date "2020.11.03"]
[Round "11"]
[White "tdf98pantani"]
[Black "fcliverpul"]
[Result "1-0"]
[WhiteElo "2727"]
[BlackElo "2429"]
[TimeControl "180+1"]
[EndTime "12:08:01 PST"]
[Termination "tdf98pantani won by resignation"]

1. c4 c6 2. e4 d5 3. exd5 cxd5 4. cxd5 Nf6 5. Nc3 g6 6. Bc4 Bg7 7. d3 O-O 8. Nge2 a6 9. a4 Nbd7 10. O-O Nb6 11. Nf4 Bf5 12. Qb3 Rc8 13. Be3 Nxc4 14.
dxc4 Ng4 15. Bb6 Qd7 16. Rfe1 g5 17. Nh5 Bh8 18. Rad1 Bg6 19. Ng3 h6 20. c5 f5 21.
d6+ Bf7 22. Nd5 exd6 23. Re7 Qc6 24. Rxf7 1-0

[Event "*** Titled Tuesday Blitz"]
[Site "Chess.com"]
[Date "2020.11.03"]
[Round "11"]
[White "Evgeny81"]
[Black "woodhy"]
[Result "1-0"]
[WhiteElo "2713"]
[BlackElo "2478"]
[TimeControl "180+1"]
[EndTime "12:08:04 PST"]
[Termination "Evgeny81 won by resignation"]

1. e4 e6 2. d4 d5 3. Nd2 c5 4.
exd5 exd5 5. Ngf3 Nc6 6. dxc5 Bxc5 7. Be2 Nf6 8. O-O O-O 9. Nb3 Bb6 10. Bg5 Bc7 11. c3 Be6 12. Nbd4 Qd6 13. Bxf6 gxf6 14. Nb5 Qd7 15. Nxc7 Qxc7 16. Qd2 Ne7 17. Nd4 Kh8 18. Qh6 Ng6 19. f4 f5 20. Bd3 Qb6 21. Rf2 Rae8 22. h4 Qd8 23. h5 Qh4 24. Qg5 f6 25. Qxh4 Nxh4 26. g3 Rg8 27. Kh2 1-0

[Event "*** Titled Tuesday Blitz"]
[Site "Chess.com"]
[Date "2020.11.03"]
[Round "11"]
[White "Atousa1"]
[Black "QuintilianoR"]
[Result "0-1"]
[WhiteElo "2421"]
[BlackElo "2609"]
[TimeControl "180+1"]
[EndTime "12:08:06 PST"]
[Termination "QuintilianoR won by resignation"]

1. e4 e6 2. d4 d5 3. Nd2 Nc6 4. Ngf3 Nf6 5. e5 Nd7 6. Bb5 a6 7. Bxc6 bxc6 8. O-O c5 9. c3 Be7 10. Re1 cxd4 11. cxd4 c5 12. dxc5 Nxc5 13. Nb3 Nxb3 14. Qxb3 O-O 15. Nd4 Bd7 16. Be3 Qa5 17. Qb7 Rfd8 18.
Nc6 Bxc6 19. Qxe7 d4 20. Bf4 Qd5 21. Qg5 d3 22. Red1 Rab8 23. b3 Rb4 24. Be3 h5 25. f3 Rg4 26. Qxh5 Qxf3 0-1

[Event "*** Titled Tuesday Blitz"]
[Site "Chess.com"]
[Date "2020.11.03"]
[Round "11"]
[White "ArjunErigaisi2003"]
[Black "Promacherr"]
[Result "1-0"]
[WhiteElo "2975"]
[BlackElo "2705"]
[TimeControl "180+1"]
[EndTime "12:08:14 PST"]
[Termination "ArjunErigaisi2003 won by resignation"]

1. b4 d5 2. Bb2 Nf6 3. e3 Bf5 4. Nf3 e6 5. a3 Nbd7 6. Be2 h6 7.
O-O Bd6 8. d3 O-O 9. Nbd2 c6 10.
Re1 Bh7 11. e4 Qc7 12. Bf1 e5 13. c4 d4 14. c5 Be7 15. Qc2 b6 16. cxb6 axb6 17.
Rec1 c5 18. g3 Qa7 19. Nc4 Qb8 20. b5 Re8 21. Bh3 Bd6 22. a4 Bc7 23. Rcb1 g5 24. Bg2 Qd8 25. Bc1 Re6 26. Bd2 g4 27. Nh4 Ne8 28. Nf5 h5 29. Qc1 Nd6 30. Bg5 Qf8 31. Ncxd6 Bxd6 32. a5 Rxa5 33. Rxa5 bxa5 34. b6 Bb8 35. b7 Rb6 36. Rxb6 Nxb6 37. Be7 Qe8 38. Qh6 Bxf5 39. Bf6 1-0

[Event "*** Titled Tuesday Blitz"]
[Site "Chess.com"]
[Date "2020.11.03"]
[Round "11"]
[White "Mbneu"]
[Black "chessmachine14"]
[Result "1-0"]
[WhiteElo "2233"]
[BlackElo "2335"]
[TimeControl "180+1"]
[EndTime "12:08:15 PST"]
[Termination "Mbneu won by checkmate"]

1. d4 Nf6 2. c4 g6 3. Nc3 Bg7 4. e4 d6 5. f4 O-O 6. Nf3 c5 7. d5 e6 8. Be2 exd5 9. cxd5 Re8 10. e5 dxe5 11. fxe5 Ng4 12. e6 fxe6 13. Bg5 Qb6 14.
Qd2 exd5 15. Nxd5 Qxb2 16. Qxb2 Bxb2 17. Rb1 Ba3 18. h3 Bf5 19. Rxb7 Ne5 20. Nf6+ Kf8 21. Bh6# 1-0

[Event "*** Titled Tuesday Blitz"]
[Site "Chess.com"]
[Date "2020.11.03"]
[Round "11"]
[White "WiktoriaPOL"]
[Black "kreonx"]
[Result "0-1"]
[WhiteElo "2094"]
[BlackElo "2283"]
[TimeControl "180+1"]
[EndTime "12:08:17 PST"]
[Termination "kreonx won by checkmate"]

1. c4 e5 2. Nc3 Nc6 3. Nf3 g6 4. d4 exd4 5. Nxd4 Bg7 6. Nc2 d6 7. g3 Be6 8. Nd5 Qd7 9. Bg2 O-O-O 10. O-O Bh3 11. Rb1 h5 12. Bg5 h4 13. Bxh4 Bxg2 14.
Kxg2 g5 15. Bxg5 Qh3+ 16. Kf3 Qh5+ 17. g4 Qh3+ 18. Kf4 Re8 19. Qd3 Be5+ 20. Kf5 Qh7# 0-1

[Event "*** Titled Tuesday Blitz"]
[Site "Chess.com"]
[Date "2020.11.03"]
[Round "11"]
[White "brunomorado"]
[Black "Mimsychess"]
[Result "0-1"]
[WhiteElo "2425"]
[BlackElo "2341"]
[TimeControl "180+1"]
[EndTime "12:08:24 PST"]
[Termination "Mimsychess won by resignation"]

1. d4 Nf6 2. Nc3 d5 3. Bg5 c5 4.
Nf3 Nc6 5. e3 Ne4 6. dxc5 Nxg5 7. Nxg5 e6 8. Nf3 Bxc5 9. Bb5 O-O 10. O-O Qc7 11. Qe2 Ne5 12. Nxe5 Qxe5 13. Rad1 a6 14.
Ba4 f5 15. Bb3 Kh8 16. Rd2 Bd7 17. Rfd1 Bc6 18. a3 f4 19. exf4 Qxf4 20. Rf1 d4 21.
Nd1 Qg5 22. f3 d3+ 0-1

[Event "*** Titled Tuesday Blitz"]
[Site "Chess.com"]
[Date "2020.11.03"]
[Round "11"]
[White "Chopper1905"]
[Black "Alexsur1981"]
[Result "1-0"]
[WhiteElo "2929"]
[BlackElo "2809"]
[TimeControl "180+1"]
[EndTime "12:08:26 PST"]
[Termination "Chopper1905 won by checkmate"]

1. d4 d6 2. Nf3 Bg4 3. e4 Nd7 4. h3 Bh5 5. Nc3 c6 6. a4 a5 7.
g4 Bg6 8. h4 h6 9. Qe2 e5 10.
Bg2 Ngf6 11. h5 Bh7 12. g5 hxg5 13. Bxg5 Qb6 14. O-O-O O-O-O 15. Bh3 Kb8 16. Bxd7 Rxd7 17. dxe5 dxe5 18. Nxe5 Rxd1+ 19. Rxd1 Ka7 20. Nc4 Qb4 21. Be3+ Bc5 22. Na2 Qxa4 23. Bxc5+ Kb8 24. Bd6+ Ka7 25. Nc3 Qa1+ 26. Kd2 Nxe4+ 27. Nxe4 Qa2 28. Qe3+ Ka8 29. Nb6+ Ka7 30. Nc8+ Ka8 31. Qa7# 1-0

[Event "*** Titled Tuesday Blitz"]
[Site "Chess.com"]
[Date "2020.11.03"]
[Round "11"]
[White "andrzej"]
[Black "vladgoncharov"]
[Result "1-0"]
[WhiteElo "2385"]
[BlackElo "2459"]
[TimeControl "180+1"]
[EndTime "12:08:28 PST"]
[Termination "andrzej won by resignation"]

1. e4 e6 2. d4 d5 3. Nc3 Bb4 4. e5 b6 5. Qg4 Bf8 6. h4 Qd7 7. h5 h6 8. Rh3 Ba6 9. Nge2 Nc6 10. Rf3 O-O-O 11. Bf4 f5 12. exf6 Nxf6 13. Qh3 Bb4 14. O-O-O Kb8 15. Kb1 Rhe8 16. Bh2 e5 17. dxe5 Qxh3 18.
Rxh3 Nxe5 19. Nd4 Bxf1 20. Bxe5 Bxg2 21. Rg3 Bxc3 22. bxc3 Be4 23. Nc6+ Kc8 24. Nxd8 Rxe5 25. Nc6 Rxh5 26. Rxg7 a6 27. Rf7 Rf5 28. Ne7+ 1-0

[Event "*** Titled Tuesday Blitz"]
[Site "Chess.com"]
[Date "2020.11.03"]
[Round "11"]
[White "CarlssonLudvig"]
[Black "Vuk2000"]
[Result "1-0"]
[WhiteElo "2444"]
[BlackElo "2613"]
[TimeControl "180+1"]
[EndTime "12:08:39 PST"]
[Termination "CarlssonLudvig won by resignation"]

1. e4 e6 2. d4 d5 3. Nc3 Bb4 4. e5 c5 5. a3 Bxc3+ 6. bxc3 Ne7 7. h4 b6 8. Bb5+ Kf8 9. h5 c4 10. h6 g6 11. Qf3 Qc7 12. Nh3 a6 13. Qf6 Rg8 14. Ng5 Nec6 15. Bxc6 Nxc6 16. a4 Ke8 17. Nxh7 Qe7 18. Ba3 Qd8 19. Qg7 Rxg7 20. hxg7 Kd7 21. Nf8+ Kc7 22. g8=Q Qe8 23. Rh7 Nd8 24. Qxg6 Kc6 25.
Qf6 b5 26. Be7 Ra7 27. Bxd8 Qxf8 28. axb5+ Kxb5 29. Rh8 1-0

[Event "*** Titled Tuesday Blitz"]
[Site "Chess.com"]
[Date "2020.11.03"]
[Round "11"]
[White "Kapibara_Warri0r"]
[Black "Chuchofrio1"]
[Result "1-0"]
[WhiteElo "2176"]
[BlackElo "2329"]
[TimeControl "180+1"]
[EndTime "12:08:40 PST"]
[Termination "Kapibara_Warri0r won by resignation"]

1. e4 e5 2. Nf3 Nc6 3. Bb5 a6 4. Ba4 Nf6 5. O-O Be7 6. Re1 b5 7. Bb3 O-O 8. a4 b4 9. d4 d6 10. c3 Rb8 11. a5 Bg4 12. d5 Bxf3 13. Qxf3 bxc3 14. Qxc3 Nd4 15. Bd1 Qd7 16. Na3 Rfc8 17. f4 c6 18. Qd3 cxd5 19. exd5 Nxd5 20. fxe5 dxe5 21. Rxe5 Nb4 22. Qe4 Ndc6 23. Bg4 Qa7+ 24. Be3 Qb7 25. Bxc8 Qxc8 26. Rxe7 Nxe7 27. Qxe7 Nd5 28.
Qe5 Nxe3 29. Qxe3 Rxb2 30. Re1 Rb8 31. Nc4 h5 32. Nd6 Qc3 33. Qxc3 1-0

[Event "*** Titled Tuesday Blitz"]
[Site "Chess.com"]
[Date "2020.11.03"]
[Round "11"]
[White "Onischuk_V"]
[Black "Duhless"]
[Result "0-1"]
[WhiteElo "2875"]
[BlackElo "3011"]
[TimeControl "180+1"]
[EndTime "12:08:47 PST"]
[Termination "Duhless won by resignation"]

1. e4 e5 2. Nf3 Nc6 3. Bc4 Nf6 4. d3 h6 5. Nbd2 Bc5 6. c3 d6 7. b4 Bb6 8. Bb3 Ne7 9. Nc4 Ng6 10. a4 c6 11. Nxb6 axb6 12. Be3 O-O 13. O-O Bg4 14. h3 Bh5 15. g3 d5 16. Kg2 Qc8 17. Bc2 c5 18.
bxc5 bxc5 19. exd5 c4 20. dxc4 e4 21. g4 Bxg4 22.
hxg4 Qxg4+ 23. Kh1 0-1

[Event "*** Titled Tuesday Blitz"]
[Site "Chess.com"]
[Date "2020.11.03"]
[Round "11"]
[White "ethylalcohol"]
[Black "natelleka"]
[Result "1-0"]
[WhiteElo "2095"]
[BlackElo "2182"]
[TimeControl "180+1"]
[EndTime "12:08:51 PST"]
[Termination "ethylalcohol won by resignation"]

1. d4 d5 2. Nf3 c5 3. c3 cxd4 4. cxd4 Nf6 5. Nc3 Nc6 6. Bf4 Bf5 7. e3 e6 8. Bd3 Ne4 9. O-O Be7 10. Bxe4 dxe4 11.
Nd2 e5 12. dxe5 Qd3 13. Qb3 Qxd2 14. Rad1 Nd4 15. Qxb7 Ne2+ 16. Nxe2 Qxe2 17. Qxa8+ 1-0

[Event "*** Titled Tuesday Blitz"]
[Site "Chess.com"]
[Date "2020.11.03"]
[Round "11"]
[White "Balla_Tamas"]
[Black "JoliyRoger"]
[Result "1-0"]
[WhiteElo "2487"]
[BlackElo "2366"]
[TimeControl "180+1"]
[EndTime "12:08:52 PST"]
[Termination "Balla_Tamas won on time"]

1. d4 Nf6 2. c4 e6 3. g3 c5 4. d5 exd5 5. cxd5 d6 6. Bg2 g6 7.
Nf3 Bg7 8. O-O O-O 9. Nc3 a6 10. a4 Nbd7 11. Nd2 Rb8 12. a5 b5 13. axb6 Nxb6 14.
e4 Nfd7 15. f4 Re8 16. Qc2 Ra8 17. b3 Bd4+ 18. Kh1 Qf6 19. Bb2 Qg7 20. Nf3 Bf6 21. e5 dxe5 22. Ne4 exf4 23. Nxf6+ Nxf6 24. Ng5 Bf5 25. Qxc5 Nbd7 26. Qd4 h6 27. Nf3 Re4 28. Qd2 fxg3 29. hxg3 Qf8 30. Nh4 Rxh4+ 31. gxh4 Rb8 32. Rxa6 Ng4 33. Qd4 Nge5 34. Re1 f6 35. d6 1-0

[Event "*** Titled Tuesday Blitz"]
[Site "Chess.com"]
[Date "2020.11.03"]
[Round "11"]
[White "Na_binci"]
[Black "mortngabriel"]
[Result "1-0"]
[WhiteElo "2169"]
[BlackElo "2261"]
[TimeControl "180+1"]
[EndTime "12:08:53 PST"]
[Termination "Na_binci won on time"]

1. d4 g6 2. c4 Bg7 3. Nc3 c5 4. d5 Bxc3+ 5. bxc3 f5 6. e4 fxe4 7. f3 Nf6 8. Qc2 e3 9. Bxe3 O-O 10. h4 d6 11. Bd3 Qe8 12. Nh3 e6 13. O-O-O exd5 14. Bh6 Bxh3 15. Rxh3 Nbd7 16. h5 g5 17. Bxg5 Qe5 18. f4 Qe7 19. Bh6 Rf7 20. cxd5 Kh8 21. Bf5 Rg8 22. Be6 Ng4 23. Bg5 Rxg5 24. Bxf7 1-0

[Event "*** Titled Tuesday Blitz"]
[Site "Chess.com"]
[Date "2020.11.03"]
[Round "11"]
[White "Pertinhez76"]
[Black "MYMChessAcademy"]
[Result "1-0"]
[WhiteElo "2128"]
[BlackElo "2043"]
[TimeControl "180+1"]
[EndTime "12:08:55 PST"]
[Termination "Pertinhez76 won by checkmate"]

1. d4 Nf6 2. Nf3 g6 3. Bf4 d5 4. Nc3 Bg7 5. Qd2 O-O 6. O-O-O Nc6 7. Bh6 Re8 8. Bxg7 Kxg7 9. h4 Ng4 10. e3 a6 11. Kb1 b5 12. h5 b4 13. Na4 Bd7 14. Nc5 Bf5 15. Bd3 Bxd3 16. Nxd3 Nf6 17. hxg6 fxg6 18. e4 dxe4 19. Qh6+ Kg8 20. Ng5 exd3 21.
Rxd3 e6 22. Nxh7 Qe7 23. Qxg6+ Qg7 24. Nxf6+ Kf8 25. Qxg7+ Kxg7 26. Nxe8+ Rxe8 27. Rg3+ Kf6 28. c3 bxc3 29. bxc3 e5 30. Rh6+ Kf5 31. Rxc6 exd4 32. cxd4 Re1+ 33. Kb2 Re2+ 34. Rc2 Re1 35. Rgc3 Re6 36.
Rxc7 Rb6+ 37. Kc3 Re6 38. Rc5+ Ke4 39. Re2+ Kf4 40. Rxe6 Kg4 41. Re4# 1-0

[Event "*** Titled Tuesday Blitz"]
[Site "Chess.com"]
[Date "2020.11.03"]
[Round "11"]
[White "maximnovik"]
[Black "MarcoRiehle"]
[Result "0-1"]
[WhiteElo "2539"]
[BlackElo "2698"]
[TimeControl "180+1"]
[EndTime "12:08:59 PST"]
[Termination "MarcoRiehle won by resignation"]

1. d4 d5 2. c4 e6 3. Nc3 c5 4. cxd5 cxd4 5. Qa4+ Bd7 6. Qxd4 exd5 7. Qxd5 Nf6 8. Qd1 Nc6 9. Nf3 Bc5 10. e3 Qe7 11. Be2 O-O-O 12. O-O g5 13. Qc2 Kb8 14. a3 g4 15. Nd2 h5 16. Nc4 g3 17. b4 gxf2+ 18.
Rxf2 Bb6 19. Nxb6 axb6 20. e4 Ng4 21. Bf4+ Nce5 22. Bxg4 hxg4 23. Nd5 Qd6 24. Rd1 Rh5 25. a4 Rdh8 26. b5 Rxh2 27. Bxh2 Rxh2 28. Rf6 Nf3+ 29. Rxf3 gxf3 30. Ne3 Qg3 31. Qf2 Rh1+ 32. Kxh1 Qxf2 0-1